AoeStats
← [GG] Shevchenko 7

Arena

510200152Analyzed
1v1 RM · 3d ago on Sep 29, 2026· 45m 28s· 2 players
Game mode
Random Map
Map size
Tiny (2 player)
Population
200
Speed
Normal
Resources
Standard
Victory
Conquest
Starting age
Dark Age
Ending age
Imperial Age
RankedLock teamsTeams togetherTeam positionsShared explorationLock speedFull tech treeHidden civsTurbo modeCheats
Victory
Defeat
🇬🇧 Danes · United Kingdom
1049
+16
🇧🇷 Bohemians · Brazil
1055
-16
Jobington
10:03 Feudal Age
10:07 Loom
14:25 Castle Age
12:18 Double-Bit Axe
12:13 Horse Collar
21:19 Forging
21:10 Scale Mail Armor
21:47 Squires
21:33 Gambesons
32:03 Iron Casting
31:44 Chain Mail Armor
36:07 Imperial Age
33:40 Gold Mining
33:55 Heavy Plow
34:12 Bow Saw
37:05 Wheelbarrow
36:19 Elite Varangian Guard
38:18 Blast Furnace
37:56 Plate Mail Armor
39:10 Hand Cart
38:45 Hamask
40:34 Gold Shaft Mining
40:14 Elite Jomsviking
[GG] Shevchenko 7
10:06 Feudal Age
9:13 Loom
15:28 Castle Age
15:07 Double-Bit Axe
23:04 Redemption
28:34 Husbandry
36:54 Imperial Age
36:18 Fletching
36:34 Scale Barding Armor
36:40 Forging
36:18 Horse Collar
36:52 Bow Saw
38:04 Wheelbarrow
39:05 Chemistry
39:01 Cavalier
41:57 Chain Barding Armor
41:41 Scale Mail Armor
42:06 Pikeman
42:47 Squires
Connection lost

Rejoining the realm…

Still unreachable

The connection could not be restored.

Session expired

The server has moved on; the page needs a fresh start.